 Dungeon Crawl Stone Soup version 0.22-a0-274-gf8199ec (webtiles) character file.

6703 tidbits the Martial Artist (level 11, -3/82 HPs)
             Began as a Gnoll Transmuter on Mar 14, 2018.
             Was a Priest of Cheibriados.
             Slain by a basilisk (6 damage)
             ... on level 1 of the Lair of Beasts.
             The game lasted 00:28:59 (2893 turns).

tidbits the Martial Artist (Gnoll Transmuter)       Turns: 2893, Time: 00:28:59

Health: -3/82      AC:  7    Str: 20    XL:     11   Next: 3%
Magic:  11/22      EV:  2    Int: 27    God:    Cheibriados [***...]
Gold:   508        SH:  0    Dex: 24    Spells: 9/25 levels left

rFire    . . .     SeeInvis .     - Unarmed
rCold    + . .     Gourm    .   (shield currently unavailable)
rNeg     + + +     Faith    .   B - +0 robe
rPois    ∞         Spirit   .   E - +2 hat
rElec    .         Reflect  .   C - +2 cloak
rCorr    .         Harm     +   (gloves currently unavailable)
MR       +....                  (no boots)
Stlth    ++++......             y - amulet of harm
HPRegen  0.23/turn              f - ring of protection from magic
MPRegen  0.18/turn              p - ring of protection from cold

@: blade hands, petrified, very slow
A: distributed training, fangs 1, strong nose
a: End Transformation, Bend Time, Temporal Distortion, Renounce Religion


You were on level 1 of the Lair of Beasts.
You worshipped Cheibriados.
Cheibriados was most pleased with you.
You were hungry.
You had blades for hands.
You visited 2 branches of the dungeon, and saw 12 of its levels.

You collected 508 gold pieces.

Inventory:

Hand Weapons
 a - the +6 rapier "Enafessa" (melded) {freeze, MR- Str+3 Int+3 Dex+3}
   (You found it on level 7 of the Dungeon)

   It has been specially enchanted to freeze those struck by it, causing extra
   injury to most foes and up to half again as much damage against particularly
   susceptible opponents.
   It can also slow down cold-blooded creatures.
   It affects your strength (+3).
   It affects your intelligence (+3).
   It affects your dexterity (+3).
   It affects your resistance to hostile enchantments.
 b - the +8 hand axe "Qunusi" {chop, Int+3}
   (You took it off a crimson imp on level 6 of the Dungeon)

   It inflicts extra damage upon your enemies.
   It affects your intelligence (+3).
 g - a +0 dagger
 l - a +0 war axe
 v - a +1 scimitar of flaming
   (You took it off Erica on level 8 of the Dungeon)
 w - a +1 short sword of protection
   (You took it off a kobold on level 2 of the Dungeon)
 z - a +0 blowgun
Missiles
 j - 132 stones (quivered)
 n - a throwing net {!f}
 q - 19 bolts
 t - 85 arrows
 F - 8 curare-tipped needles
Armour
 i - a +0 ring mail
 o - a +0 helmet
 B - a +0 robe (worn)
 C - a +2 cloak (worn)
 D - a +0 buckler (melded)
 E - a +2 hat (worn)
 G - a +0 pair of gloves (melded)
Jewellery
 f - a ring of protection from magic (left scythe-like blade)
   (You found it on level 1 of the Dungeon)
 p - a ring of protection from cold (right scythe-like blade)
   (You found it on level 3 of the Dungeon)
 y - an amulet of harm (around neck)
   (You found it on level 7 of the Dungeon)
 A - an uncursed ring of teleportation
   (You found it on level 7 of the Dungeon)
Wands
 J - a wand of iceblast (6)
Scrolls
 e - a scroll of amnesia
 k - a scroll of immolation
 m - a scroll of magic mapping
 r - 2 scrolls of remove curse
 s - a scroll of teleportation
 x - a scroll of random uselessness {unknown}
Potions
 d - 3 potions of curing
 h - a potion of resistance
 u - a potion of haste
 H - a potion of lignification
Comestibles
 c - 20 rations
 I - 4 chunks of flesh


   Skills:
 + Level 6.3 Fighting
 + Level 5.7 Short Blades
 + Level 5.7 Long Blades
 + Level 5.7 Axes
 + Level 5.7 Maces & Flails
 + Level 5.7 Polearms
 + Level 5.7 Staves
 + Level 5.7 Slings
 + Level 5.7 Bows
 + Level 5.7 Crossbows
 + Level 5.7 Throwing
 + Level 5.7 Armour
 + Level 7.4 Dodging
 + Level 5.7 Stealth
 + Level 5.7 Shields
 + Level 8.8 Unarmed Combat
 + Level 7.7 Spellcasting
 + Level 4.7 Conjurations
 + Level 4.7 Hexes
 + Level 4.7 Charms
 + Level 4.7 Summonings
 + Level 4.7 Necromancy
 + Level 4.7 Translocations
 + Level 6.2 Transmutations
 + Level 4.7 Fire Magic
 + Level 4.7 Ice Magic
 + Level 4.7 Air Magic
 + Level 4.7 Earth Magic
 + Level 4.7 Poison Magic
 + Level 6.3 Invocations
 + Level 5.7 Evocations


You had 9 spell levels left.
You knew the following spells:

 Your Spells              Type           Power        Failure   Level  Hunger
e - Beastly Appendage     Tmut           #####.       11%         1    None
h - Blade Hands           Tmut           #####.....   50%         5    ####...
i - Ice Form              Ice/Tmut       #####...     34%         4    ##.....
k - Sticks to Snakes      Tmut           #####...     13%         2    None
p - Spider Form           Tmut/Pois      #####.....   19%         3    None
A - Apportation           Tloc           #####.       14%         1    None


Dungeon Overview and Level Annotations

Branches:
Dungeon (11/15)            Temple (0/1) D:6            Lair (1/6) D:11
    Orc: D:9-12

Altars:
Ashenzari
Cheibriados
Elyvilon
Makhleb
Beogh

Shops:
D:8 =

Annotations:
D:2 Jessica
D:6 exclusion: oklob sapling
D:11 Tungsten's ghost, journeyman FoEE; nikopol's ghost, journeyman DEFE


Innate Abilities, Weirdness & Mutations

Your experience applies equally to all skills.
You have very sharp teeth.
Your uncanny sense of smell can sniff out nearby items.


Message History

Cheibriados thoroughly appreciates the change of pace.
You kill the kobold!
Cheibriados thoroughly appreciates the change of pace.
You kill the kobold!
Cheibriados thoroughly appreciates the change of pace.
You kill the big kobold!
Cheibriados appreciates the change of pace.
You kill the kobold!
Cheibriados appreciates the change of pace.
You kill the kobold!
Cheibriados appreciates the change of pace.
You feel somewhat more hungry.
You can no longer inflict damage on those overly hasty.
Cheibriados lowers the support of your attributes as your movement quickens.
The ogre barely misses you.
You hit the ogre. You freeze the ogre.
You kill the ogre!
Cheibriados appreciates the change of pace.
You see here a giant spiked club.
Things that are here:
a dagger; a kobold corpse
Things that are here:
a dagger; a kobold corpse
Things that are here:
a blowgun; 10 poisoned needles; a kobold corpse
Things that are here:
a hand crossbow; 15 bolts
Things that are here:
a dagger; a stone; a kobold corpse
Found a ration.
Found a staircase to the Lair.
You see here a ration.
c - 20 rations (gained 1)
Found 23 arrows.
There is a staircase to the Lair here.
You climb downwards.
Welcome to the Lair of Beasts!
A basilisk and a crocodile come into view.
There is a staircase back to the Dungeon here.
A black bear comes into view.
You block the basilisk's attack. The basilisk gazes at you.
You are slowing down.
Your limbs are stiffening.
The basilisk gazes at you. You resist with some effort.
You have turned to stone.
The basilisk bites you! The basilisk gazes at you. You resist with some effort.
The basilisk bites you! The basilisk gazes at you. You resist with some effort.
The basilisk gazes at you. You resist with some effort. The basilisk bites you.
The basilisk gazes at you. The basilisk gazes at you. The crocodile bites you.
The basilisk bites you!
You turn to flesh and can move again.
Unknown command.
The flow of time bends around you.
Cheibriados rebukes the crocodile.
The crocodile seems to slow down.
Cheibriados rebukes the basilisk.
The basilisk seems to slow down.
You feel slightly more hungry. The crocodile completely misses you.
The basilisk gazes at you. You resist with some effort.
Casting: Blade Hands (slightly dangerous; 10% risk of failure)
Confirm with . or Enter, or press ? or * to list all spells.
Your hands turn into razor-sharp scythe blades.
The +6 rapier "Enafessa" {freeze, MR- Str+3 Int+3 Dex+3} melds into your body.
Your +0 pair of gloves melds into your body.
Your +0 buckler melds into your body.
The +6 rapier "Enafessa" {freeze, MR- Str+3 Int+3 Dex+3} stops glowing.
You are feeling hungry.
The crocodile bites you!
* * * LOW HITPOINT WARNING * * *
The basilisk bites you!!
* * * LOW HITPOINT WARNING * * *
You slice the crocodile!!
You kill the crocodile!
Cheibriados appreciates the change of pace.
You closely miss the basilisk. The basilisk gazes at you.
You are slowing down.
You barely miss the basilisk. You bite the basilisk.
The basilisk is lightly wounded.
The basilisk bites you.
Your limbs are stiffening.
You hit the basilisk.
The basilisk is lightly wounded.
You have turned to stone.
The basilisk bites you!
* * * LOW HITPOINT WARNING * * *
The basilisk bites you!
* * * LOW HITPOINT WARNING * * *
The basilisk bites you but does no damage.
The basilisk gazes at you. You resist with almost no effort.
The basilisk bites you!
You die...

. . ### ..#
....####.#####....
+....<†@l.......
....#.##..........
. # #..........
#..........
#..........
#..........
..........h
............
.............


You could see a basilisk.

Vanquished Creatures
  The ghost of Thaneod the Arsonist, a journeyman DEFE of Vehumet (D:11)
  A manticore (D:11)
  A troll (D:11)
  A hornet (D:11)
  The ghost of tidbits the Insei, an amateur GnTm (D:4)
  A wyvern (D:10)
  A yak (D:11)
  A water moccasin (D:5)
  4 orc warriors
  2 porcupines (D:11)
  2 sky beasts
  An ice beast (D:8)
  5 black bears
  A phantom (D:6)
  8 ogres
  2 centaurs
  The ghost of sankara the Caller, an amateur BaSu of Fedhas (D:3)
  2 crocodiles
  3 bullfrogs
  2 big kobolds
  2 scorpions
  4 crimson imps
  A quasit (D:7)
  2 hounds
  7 orc priests
  5 orc wizards
  3 iguanas
  4 worker ants
  A killer bee zombie (D:7)
  A hound skeleton (D:5)
  8 adders
  A shadow imp (D:5)
  2 oozes
  An adder zombie (D:2)
  A worm (D:4)
  2 dart slugs
  6 leopard geckos
  14 orcs
  A bat skeleton (D:2)
  A bat zombie (D:2)
  A giant cockroach (D:4)
  7 goblins
  3 hobgoblins
  A jackal (D:6)
  12 kobolds
  5 quokkas
  3 bats (D:2)
  2 frilled lizards
  A jackal zombie (D:2)
  A quokka zombie (D:7)
  2 fungi (D:6)
  A plant (D:6)
147 creatures vanquished.

Vanquished Creatures (collateral kills)
  Erica (D:8)
  A porcupine (D:11)
  A black bear (D:7)
  An ogre (D:7)
  2 bullfrogs (D:6)
  An orc (D:4)
  3 kobolds
  A quokka skeleton (D:2)
11 creatures vanquished.

Vanquished Creatures (others)
  2 fungi (D:11)
  2 plants (D:11)
4 creatures vanquished.

Grand Total: 162 creatures vanquished

Notes
Turn   | Place    | Note
-------+----------+-------------------------------------------
     0 | D:1      | tidbits the Gnoll Transmuter began the quest for the Orb.
     0 | D:1      | Reached XP level 1. HP: 17/17 MP: 6/6
   221 | D:2      | Found a faded altar of an unknown god.
   225 | D:2      | Reached XP level 2. HP: 23/23 MP: 5/7
   233 | D:2      | Learned a level 2 spell: Sticks to Snakes
   292 | D:2      | Reached skill level 5 in Spellcasting
   292 | D:2      | Reached XP level 3. HP: 28/28 MP: 4/9
   350 | D:2      | Reached skill level 1 in Invocations
   355 | D:2      | Learned a level 3 spell: Spider Form
   482 | D:2      | Found a burning altar of Makhleb.
   485 | D:2      | Noticed Jessica
   527 | D:2      | Reached skill level 1 in Short Blades
   527 | D:2      | Reached skill level 1 in Long Blades
   527 | D:2      | Reached skill level 1 in Axes
   527 | D:2      | Reached skill level 1 in Maces & Flails
   527 | D:2      | Reached skill level 1 in Polearms
   527 | D:2      | Reached skill level 1 in Staves
   527 | D:2      | Reached skill level 1 in Slings
   527 | D:2      | Reached skill level 1 in Bows
   527 | D:2      | Reached skill level 1 in Crossbows
   527 | D:2      | Reached skill level 1 in Throwing
   527 | D:2      | Reached skill level 1 in Armour
   527 | D:2      | Reached skill level 1 in Stealth
   527 | D:2      | Reached skill level 1 in Shields
   527 | D:2      | Reached skill level 1 in Evocations
   527 | D:2      | Reached XP level 4. HP: 34/34 MP: 1/11
   635 | D:3      | Noticed an ogre
   645 | D:3      | Killed an ogre
   645 | D:3      | Reached skill level 1 in Conjurations
   645 | D:3      | Reached skill level 1 in Hexes
   645 | D:3      | Reached skill level 1 in Charms
   645 | D:3      | Reached skill level 1 in Summonings
   645 | D:3      | Reached skill level 1 in Necromancy
   645 | D:3      | Reached skill level 1 in Translocations
   645 | D:3      | Reached skill level 1 in Fire Magic
   645 | D:3      | Reached skill level 1 in Ice Magic
   645 | D:3      | Reached skill level 1 in Air Magic
   645 | D:3      | Reached skill level 1 in Earth Magic
   645 | D:3      | Reached skill level 1 in Poison Magic
   645 | D:3      | Reached XP level 5. HP: 40/40 MP: 7/12
   675 | D:3      | Noticed sankara's ghost (amateur BaSu)
   686 | D:3      | Killed sankara's ghost
   686 | D:3      | Reached skill level 3 in Fighting
   686 | D:3      | Reached skill level 4 in Transmutations
   747 | D:4      | Reached XP level 6. HP: 46/47 MP: 9/13
   755 | D:4      | Noticed tidbits's ghost (amateur GnTm)
   790 | D:3      | Reached skill level 2 in Invocations
   813 | D:4      | Reached skill level 5 in Dodging
   833 | D:4      | Killed tidbits's ghost
   833 | D:4      | Reached skill level 2 in Short Blades
   833 | D:4      | Reached skill level 2 in Long Blades
   833 | D:4      | Reached skill level 2 in Axes
   833 | D:4      | Reached skill level 2 in Maces & Flails
   833 | D:4      | Reached skill level 2 in Polearms
   833 | D:4      | Reached skill level 2 in Staves
   833 | D:4      | Reached skill level 2 in Slings
   833 | D:4      | Reached skill level 2 in Bows
   833 | D:4      | Reached skill level 2 in Crossbows
   833 | D:4      | Reached skill level 2 in Throwing
   833 | D:4      | Reached skill level 2 in Armour
   833 | D:4      | Reached skill level 2 in Stealth
   833 | D:4      | Reached skill level 2 in Shields
   833 | D:4      | Reached skill level 2 in Evocations
   833 | D:4      | Reached XP level 7. HP: 42/52 MP: 7/15
   872 | D:5      | Entered Level 5 of the Dungeon
  1045 | D:5      | Reached skill level 7 in Unarmed Combat
  1053 | D:5      | Reached skill level 2 in Conjurations
  1053 | D:5      | Reached skill level 2 in Hexes
  1053 | D:5      | Reached skill level 2 in Charms
  1053 | D:5      | Reached skill level 2 in Summonings
  1053 | D:5      | Reached skill level 2 in Necromancy
  1053 | D:5      | Reached skill level 2 in Translocations
  1053 | D:5      | Reached skill level 2 in Fire Magic
  1053 | D:5      | Reached skill level 2 in Ice Magic
  1053 | D:5      | Reached skill level 2 in Air Magic
  1053 | D:5      | Reached skill level 2 in Earth Magic
  1053 | D:5      | Reached skill level 2 in Poison Magic
  1232 | D:4      | Reached skill level 3 in Invocations
  1241 | D:4      | Found a snail-covered altar of Cheibriados.
  1250 | D:4      | Became a worshipper of Cheibriados the Contemplative
  1282 | D:4      | Reached XP level 8. HP: 20/60 MP: 12/16
  1383 | D:5      | Found a shattered altar of Ashenzari.
  1413 | D:6      | Reached skill level 4 in Fighting
  1413 | D:6      | Reached skill level 3 in Short Blades
  1413 | D:6      | Reached skill level 3 in Long Blades
  1413 | D:6      | Reached skill level 3 in Axes
  1413 | D:6      | Reached skill level 3 in Maces & Flails
  1413 | D:6      | Reached skill level 3 in Polearms
  1413 | D:6      | Reached skill level 3 in Staves
  1413 | D:6      | Reached skill level 3 in Slings
  1413 | D:6      | Reached skill level 3 in Bows
  1413 | D:6      | Reached skill level 3 in Crossbows
  1413 | D:6      | Reached skill level 3 in Throwing
  1413 | D:6      | Reached skill level 3 in Armour
  1413 | D:6      | Reached skill level 3 in Stealth
  1413 | D:6      | Reached skill level 3 in Shields
  1413 | D:6      | Reached skill level 3 in Evocations
  1480 | D:6      | Got an ivory hand axe {chop}
  1481 | D:6      | Identified the +8 hand axe "Qunusi" {chop, Int+3} (You took it off a crimson imp on level 6 of the Dungeon)
  1504 | D:6      | Reached * piety under Cheibriados
  1504 | D:6      | Reached skill level 6 in Spellcasting
  1655 | D:6      | Found a white marble altar of Elyvilon.
  1738 | D:6      | Learned a level 4 spell: Ice Form
  1744 | D:6      | Learned a level 5 spell: Blade Hands
  1768 | D:7      | Got a dazzling rapier
  1769 | D:7      | Identified the +6 rapier "Enafessa" {freeze, MR- Str+3 Int+3 Dex+3} (You found it on level 7 of the Dungeon)
  1842 | D:7      | Reached skill level 3 in Conjurations
  1842 | D:7      | Reached skill level 3 in Hexes
  1842 | D:7      | Reached skill level 3 in Charms
  1842 | D:7      | Reached skill level 3 in Summonings
  1842 | D:7      | Reached skill level 3 in Necromancy
  1842 | D:7      | Reached skill level 3 in Translocations
  1842 | D:7      | Reached skill level 3 in Fire Magic
  1842 | D:7      | Reached skill level 3 in Ice Magic
  1842 | D:7      | Reached skill level 3 in Air Magic
  1842 | D:7      | Reached skill level 3 in Earth Magic
  1842 | D:7      | Reached skill level 3 in Poison Magic
  1842 | D:7      | Reached skill level 4 in Invocations
  1883 | D:7      | Reached skill level 6 in Dodging
  1883 | D:7      | Reached XP level 9. HP: 61/66 MP: 14/18
  1889 | D:7      | Reached skill level 5 in Transmutations
  1931 | D:8      | Reached ** piety under Cheibriados
  1940 | D:8      | Reached skill level 4 in Short Blades
  1940 | D:8      | Reached skill level 4 in Long Blades
  1940 | D:8      | Reached skill level 4 in Axes
  1940 | D:8      | Reached skill level 4 in Maces & Flails
  1940 | D:8      | Reached skill level 4 in Polearms
  1940 | D:8      | Reached skill level 4 in Staves
  1940 | D:8      | Reached skill level 4 in Slings
  1940 | D:8      | Reached skill level 4 in Bows
  1940 | D:8      | Reached skill level 4 in Crossbows
  1940 | D:8      | Reached skill level 4 in Throwing
  1940 | D:8      | Reached skill level 4 in Armour
  1940 | D:8      | Reached skill level 4 in Stealth
  1940 | D:8      | Reached skill level 4 in Shields
  1940 | D:8      | Reached skill level 4 in Evocations
  1943 | D:8      | Learned a level 1 spell: Apportation
  1960 | D:6      | Found a staircase to the Ecumenical Temple.
  2049 | D:7      | Reached skill level 5 in Fighting
  2144 | D:8      | Noticed Erica
  2149 | D:8      | HP: 5/68 [Erica/scimitar of flaming (4)]
  2151 | D:8      | Killed Erica
  2151 | D:8      | Reached skill level 8 in Unarmed Combat
  2151 | D:8      | Reached skill level 5 in Invocations
  2267 | D:8      | Reached skill level 7 in Spellcasting
  2267 | D:8      | Reached XP level 10. HP: 9/74 MP: 15/20
  2304 | D:8      | Found Sunesk's Jewellery Shoppe.
  2389 | D:9      | Reached skill level 4 in Conjurations
  2389 | D:9      | Reached skill level 4 in Hexes
  2389 | D:9      | Reached skill level 4 in Charms
  2389 | D:9      | Reached skill level 4 in Summonings
  2389 | D:9      | Reached skill level 4 in Necromancy
  2389 | D:9      | Reached skill level 4 in Translocations
  2389 | D:9      | Reached skill level 4 in Fire Magic
  2389 | D:9      | Reached skill level 4 in Ice Magic
  2389 | D:9      | Reached skill level 4 in Air Magic
  2389 | D:9      | Reached skill level 4 in Earth Magic
  2389 | D:9      | Reached skill level 4 in Poison Magic
  2462 | D:9      | Reached *** piety under Cheibriados
  2505 | D:9      | Found a transporter.
  2513 | D:9      | Found a roughly hewn altar of Beogh.
  2532 | D:9      | Reached skill level 5 in Short Blades
  2532 | D:9      | Reached skill level 5 in Long Blades
  2532 | D:9      | Reached skill level 5 in Axes
  2532 | D:9      | Reached skill level 5 in Maces & Flails
  2532 | D:9      | Reached skill level 5 in Polearms
  2532 | D:9      | Reached skill level 5 in Staves
  2532 | D:9      | Reached skill level 5 in Slings
  2532 | D:9      | Reached skill level 5 in Bows
  2532 | D:9      | Reached skill level 5 in Crossbows
  2532 | D:9      | Reached skill level 5 in Throwing
  2532 | D:9      | Reached skill level 5 in Armour
  2532 | D:9      | Reached skill level 5 in Stealth
  2532 | D:9      | Reached skill level 5 in Shields
  2532 | D:9      | Reached skill level 5 in Evocations
  2601 | D:10     | Entered Level 10 of the Dungeon
  2706 | D:10     | Reached skill level 7 in Dodging
  2729 | D:11     | Noticed Thaneod's ghost (journeyman DEFE)
  2731 | D:11     | Killed Thaneod's ghost
  2731 | D:11     | Reached skill level 6 in Fighting
  2738 | D:11     | Noticed a manticore
  2746 | D:11     | Killed a manticore
  2746 | D:11     | Reached skill level 6 in Transmutations
  2746 | D:11     | Reached skill level 6 in Invocations
  2800 | D:11     | Reached **** piety under Cheibriados
  2812 | D:11     | Reached XP level 11. HP: 57/81 MP: 9/22
  2814 | D:11     | Noticed nikopol's ghost (journeyman DEFE)
  2814 | D:11     | Noticed Tungsten's ghost (journeyman FoEE)
  2858 | D:11     | Found a staircase to the Lair.
  2868 | Lair:1   | Entered Level 1 of the Lair of Beasts
  2889 | Lair:1   | HP: 2/82 [basilisk (10)]
  2893 | Lair:1   | Slain by a basilisk

Vault maps used:
D:1:      lightli_arrival_statuegarden, serial_bayou_pond_c, nrook_loot_triangle
D:2:      nicolae_overflow_hidden_temple, grunt_temple_overflow_open,
          serial_undead, serial_undead_f, serial_undead_f, serial_undead_e,
          serial_undead_a, serial_undead_c, chequers_ecumenical_altar_island,
          first_ration, minmay_tetromino_t2, uniq_jessica
D:3:      gammafunk_temple_overflow_statue
D:4:      cheibriados_altar_1
D:5:      lemuel_doored_altar, serial_shops, shop, uniq_edmund
D:6:      elyvilon_altar_3, minmay_temple_entry_oklob, minmay_gold_behind_fungi
D:7:      grunt_ogre_cave
D:8:      serial_shops, shop, uniq_erica
D:9:      gammafunk_beogh_shrine
D:10:     statue_in_the_mist_lemuel, hex_large
D:11:     kennysheep_six_static_rooms, minmay_lair_entry_grove, serial_shops,
          shop, minmay_misc_feat_alley
Lair:1:   minivault_11, wad_woods_02, uniq_grum

Skill      XL: |  1  2  3  4  5  6  7  8  9 10 |
---------------+-------------------------------+-----
Spellcasting   | 5 6 7 |  7.7
Invocations    | 1 2 3 4 5 6 |  6.3
Short Blades   | 1 2 3 4 5 |  5.7
Long Blades    | 1 2 3 4 5 |  5.7
Axes           | 1 2 3 4 5 |  5.7
Maces & Flails | 1 2 3 4 5 |  5.7
Polearms       | 1 2 3 4 5 |  5.7
Staves         | 1 2 3 4 5 |  5.7
Slings         | 1 2 3 4 5 |  5.7
Bows           | 1 2 3 4 5 |  5.7
Crossbows      | 1 2 3 4 5 |  5.7
Throwing       | 1 2 3 4 5 |  5.7
Armour         | 1 2 3 4 5 |  5.7
Stealth        | 1 2 3 4 5 |  5.7
Shields        | 1 2 3 4 5 |  5.7
Evocations     | 1 2 3 4 5 |  5.7
Conjurations   | 1 2 3 4 |  4.7
Hexes          | 1 2 3 4 |  4.7
Charms         | 1 2 3 4 |  4.7
Summonings     | 1 2 3 4 |  4.7
Necromancy     | 1 2 3 4 |  4.7
Translocations | 1 2 3 4 |  4.7
Fire Magic     | 1 2 3 4 |  4.7
Ice Magic      | 1 2 3 4 |  4.7
Air Magic      | 1 2 3 4 |  4.7
Earth Magic    | 1 2 3 4 |  4.7
Poison Magic   | 1 2 3 4 |  4.7
Fighting       | 3 4 5 6 |  6.3
Transmutations | 4 5 6 |  6.2
Dodging        | 5 6 7 |  7.4
Unarmed Combat | 7 8 |  8.8

Action                   |  1- 3 |  4- 6 |  7- 9 | 10-12 || total
-------------------------+-------+-------+-------+-------++-------
Melee: Unarmed           |    43 |    50 |   136 |    53 ||   282
       Kick              |     2 |       |     8 |       ||    10
       Bite              |     1 |       |    10 |    11 ||    22
       Punch             |     2 |       |       |     2 ||     4
       Hand axe          |       |       |    34 |       ||    34
       Rapier            |       |       |    34 |    13 ||    47
       Headbutt          |       |       |     9 |     2 ||    11
 Cast: Beastly Appendage |     7 |       |     7 |     3 ||    17
       Sticks to Snakes  |     3 |     5 |    18 |    12 ||    38
       Spider Form       |     5 |     7 |    17 |     2 ||    31
       Blade Hands       |       |       |     1 |     7 ||     8
       Ice Form          |       |       |     1 |       ||     1
       Apportation       |       |       |       |     1 ||     1
Invok: Bend Time         |       |       |       |     1 ||     1
       Slouch            |       |       |       |     1 ||     1
 Abil: End Transformatio |       |       |     2 |     1 ||     3
Evoke: Wand              |       |       |       |     2 ||     2
  Use: Potion            |       |     3 |     9 |       ||    12
       Scroll            |       |       |    10 |     3 ||    13
 Stab: Distracted        |     1 |       |     3 |       ||     4
       Sleeping          |       |     1 |     7 |     5 ||    13
       Invisible         |       |     2 |       |       ||     2
  Eat: Chunk             |       |       |     5 |     3 ||     8
Armor: Robe              |     4 |     1 |    12 |     9 ||    26
       Skin              |       |     7 |    10 |       ||    17
Dodge: Dodged            |    27 |    29 |   128 |    64 ||   248
Block: Buckler           |       |       |    10 |     9 ||    19

Table legend:
 A = Spawn XP
 B = Non-spawn XP
 C = Spawn XP percentage of total XP
 D = Spawn monster count
 E = Non-spawn monster count
 F = Spawn count percentage of total count
 G = Total turns spent on level
                    A         B        C        D         E        F      G
               +---------+---------+-------+---------+---------+-------+---------
         Total |       0 |    9577 |   0.0 |       0 |     155 |   0.0 |  2893
               +---------+---------+-------+---------+---------+-------+---------
           D:1 |       0 |       4 |   0.0 |       0 |       2 |   0.0 |   223
           D:2 |       0 |      93 |   0.0 |       0 |      27 |   0.0 |   388
           D:3 |       0 |     212 |   0.0 |       0 |       5 |   0.0 |   128
           D:4 |       0 |     808 |   0.0 |       0 |      21 |   0.0 |   412
           D:5 |       0 |     221 |   0.0 |       0 |       6 |   0.0 |   255
           D:6 |       0 |     844 |   0.0 |       0 |      15 |   0.0 |   425
           D:7 |       0 |    1102 |   0.0 |       0 |      20 |   0.0 |   348
           D:8 |       0 |    1606 |   0.0 |       0 |      17 |   0.0 |   179
           D:9 |       0 |     781 |   0.0 |       0 |      11 |   0.0 |   245
          D:10 |       0 |     793 |   0.0 |       0 |       9 |   0.0 |   128
          D:11 |       0 |    3008 |   0.0 |       0 |      21 |   0.0 |   137
        Lair:1 |       0 |     105 |   0.0 |       0 |       1 |   0.0 |    25
               +---------+---------+-------+---------+---------+-------+---------

Table legend:
 A = Turns spent in this place as a percentage of turns spent in the entire game.
 B = Non-inter-level travel turns spent in this place as a percentage of non-inter-level travel turns spent in the entire game.
 C = Inter-level travel turns spent in this place as a percentage of turns spent in this place.
 D = Turns resting spent in this place as a percentage of non-inter-level travel turns spent in this place.
 E = Turns spent auto-exploring this place as a percentage of non-inter-level travel turns spent in this place.
 F = Non-inter-level travel turns spent in this place divided by the number of levels of this place that you've seen.
                   A       B       C       D       E      F
               +-------+-------+-------+-------+-------+----------------------
         Total | 100.0 | 100.0 |   0.7 |   0.0 |   0.0 | 239.4
       Dungeon |  99.1 |  99.1 |   0.7 |   0.0 |   0.0 | 258.9
          Lair |   0.9 |   0.9 |   0.0 |   0.0 |   0.0 |  25.0
               +-------+-------+-------+-------+-------+----------------------

Table legend:
 A = Kills in this place as a percentage of kills in entire the game.
 B = Kills by you in this place as a percentage of kills by you in the entire game.
 C = Kills by friends in this place as a percentage of kills by friends in the entire game.
 D = Other kills in this place as a percentage of other kills in the entire game.
 E = Experience gained in this place as a percentage of experience gained in the entire game.
 F = Experience gained in this place divided by the number of levels of this place that you have seen.
                   A       B       C       D       E      F
               +-------+-------+-------+-------+-------+----------------------
         Total | 100.0 | 100.0 | 100.0 |   N/A | 100.0 | 798.1
       Dungeon |  99.4 |  99.3 | 100.0 |   N/A |  98.9 | 861.1
          Lair |   0.6 |   0.7 |   0.0 |   N/A |   1.1 | 105.0
               +-------+-------+-------+-------+-------+----------------------

Vault maps used:
D:1:      lightli_arrival_statuegarden, serial_bayou_pond_c, nrook_loot_triangle
D:2:      nicolae_overflow_hidden_temple, grunt_temple_overflow_open,
          serial_undead, serial_undead_f, serial_undead_f, serial_undead_e,
          serial_undead_a, serial_undead_c, chequers_ecumenical_altar_island,
          first_ration, minmay_tetromino_t2, uniq_jessica
D:3:      gammafunk_temple_overflow_statue
D:4:      cheibriados_altar_1
D:5:      lemuel_doored_altar, serial_shops, shop, uniq_edmund
D:6:      elyvilon_altar_3, minmay_temple_entry_oklob, minmay_gold_behind_fungi
D:7:      grunt_ogre_cave
D:8:      serial_shops, shop, uniq_erica
D:9:      gammafunk_beogh_shrine
D:10:     statue_in_the_mist_lemuel, hex_large
D:11:     kennysheep_six_static_rooms, minmay_lair_entry_grove, serial_shops,
          shop, minmay_misc_feat_alley
Lair:1:   minivault_11, wad_woods_02, uniq_grum
